[Event "Early-Titled-Tuesday-Blitz-May-28-2024"]
[Site "Chess.com"]
[Date "2024.05.28"]
[Round "4"]
[White "ATM622"]
[Black "unbreakablepawn35"]
[Result "1-0"]
[WhiteElo "2570"]
[BlackElo "2383"]
[TimeControl "180+1"]
[EndTime "8:39:01 PDT"]
[Termination "ATM622 won by resignation"]

1. d4 Nf6 2. c4 g6 3. g3 Bg7 4.
Bg2 O-O 5. Nf3 d5 6. O-O c6 7.
Nbd2 Nbd7 8. Qc2 Re8 9. Rd1 Qb6 10. c5 Qd8 11. b4 e5 12. dxe5 Nxe5 13. Nxe5 Rxe5 14.
e4 Re8 15. Bb2 Qc7 16. exd5 Nxd5 17. Bxg7 Kxg7 18. Nc4 Be6 19. Nd6 Red8 20. Rab1 Kg8 21. b5 cxb5 22. Nxb5 Qc6 23. Nd4 Qe8 24. Nxe6 Qxe6 25.
Rxb7 Rac8 26. Rxa7 Nb4 27. Rxd8+ Rxd8 28. Qb3 Qxb3 29.
axb3 Rd1+ 30. Bf1 Rc1 31. Rb7 Nc6 32. b4 Nd4 33. Kg2 Kg7 34. Rd7 Nc2 35. b5 Ne1+ 36.
Kh3 Rxc5 37. Rd4 h5 38. Re4 g5 39. Rxe1 g4+ 40. Kg2 Rc3 41. Re3 Rb3 42. Rxb3 1-0

[Event "Early-Titled-Tuesday-Blitz-May-28-2024"]
[Site "Chess.com"]
[Date "2024.05.28"]
[Round "4"]
[White "Nechitaylo_Nikita"]
[Black "yobdc"]
[Result "0-1"]
[WhiteElo "2336"]
[BlackElo "2513"]
[TimeControl "180+1"]
[EndTime "8:39:01 PDT"]
[Termination "yobdc won on time"]

1. d4 Nf6 2. c4 g6 3. f3 Bg7 4. e4 d6 5. Nc3 O-O 6. Nge2 c5 7. d5 e6 8. Ng3 Re8 9. Bd3 exd5 10. cxd5 Na6 11.
Bxa6 bxa6 12. O-O Rb8 13. Rb1 h5 14. Bg5 Qb6 15. Re1 Nh7 16. Bf4 a5 17. Qa4 Ba6 18. Qc6 Rbd8 19. h4 Bf6 20. e5 dxe5 21. Qxb6 axb6 0-1

[Event "Early-Titled-Tuesday-Blitz-May-28-2024"]
[Site "Chess.com"]
[Date "2024.05.28"]
[Round "4"]
[White "Maluco_do_Natal_00"]
[Black "Franmu14"]
[Result "0-1"]
[WhiteElo "2042"]
[BlackElo "2706"]
[TimeControl "180+1"]
[EndTime "8:39:03 PDT"]
[Termination "Franmu14 won by resignation"]

1. e4 e5 2. Nf3 Nc6 3. Bb5 a6 4. Ba4 Nge7 5. d4 exd4 6. Nxd4 g6 7.
Be3 Bg7 8. Nc3 O-O 9. a3 d6 10. O-O Ne5 11. h3 Nc4 12. Bc1 b5 13. Bb3 c5 14.
Nf3 Bb7 15. Bxc4 bxc4 16. Nd5 Bxd5 17. exd5 Rb8 18. c3 Re8 19. Qa4 Nxd5 20. Qxc4 Nb6 21.
Qxa6 Qc8 22. Qd3 Qc6 23. Bf4 Na4 24. Qxd6 Qxd6 25. Bxd6 Rxb2 26. Rfe1 Rxe1+ 27. Rxe1 Bxc3 28. Re8+ Kg7 29. Be5+ Bxe5 30. Nxe5 Re2 31. Ra8 Nb6 32. Ra6 Nd5 33. Nd7 c4 34. Rc6 c3 35. a4 c2 36.
Kh2 Nb4 37. Rc4 Na2 38. a5 c1=Q 39. Rxc1 Nxc1 40. a6 Ra2 41. Nc5 Rxf2 42. Kg3 Ra2 43. Kf3 Ne2 44. g4 Nd4+ 45. Ke4 Ne6 46. Nxe6+ fxe6 0-1

[Event "Early-Titled-Tuesday-Blitz-May-28-2024"]
[Site "Chess.com"]
[Date "2024.05.28"]
[Round "4"]
[White "rasmussvane"]
[Black "CarlosjPineror"]
[Result "1-0"]
[WhiteElo "2966"]
[BlackElo "2733"]
[TimeControl "180+1"]
[EndTime "8:39:05 PDT"]
[Termination "rasmussvane won by resignation"]

1. Nf3 Nf6 2. g3 g6 3. Bg2 Bg7 4. O-O O-O 5. d4 d6 6. Re1 c5 7. dxc5 dxc5 8. c3 Nc6 9. Qxd8 Rxd8 10. Be3 Ne4 11. Nbd2 Nxd2 12. Nxd2 Bf5 13. Red1 Bc2 14. Rdc1 Bf5 15. Nb3 c4 16. Nd2 Rac8 17. Nxc4 b5 18. Nd2 b4 19. Nb3 bxc3 20. bxc3 a5 21. Bb6 Re8 22. Nxa5 Ne5 23. Bd4 Nc4 24. Nxc4 Rxc4 25.
Bxg7 Kxg7 26. a4 Bc8 27. e3 Rc5 28. a5 Ba6 29. Ra3 Rb8 30. Bf1 Bxf1 31. Rxf1 Ra8 32. a6 Rc6 33. a7 Rc7 34. Rfa1 Kf6 35. Kg2 e6 36. Kf3 Ke7 37. Ke2 Kd7 38. e4 Rb7 39. Ke3 f6 40. h4 h5 41. f3 Rb2 42. Ra6 Rb7 43. Rd1+ Ke7 44. Rdd6 1-0

[Event "Early-Titled-Tuesday-Blitz-May-28-2024"]
[Site "Chess.com"]
[Date "2024.05.28"]
[Round "4"]
[White "NastyaHn"]
[Black "jens1102"]
[Result "0-1"]
[WhiteElo "2484"]
[BlackElo "2711"]
[TimeControl "180+1"]
[EndTime "8:39:05 PDT"]
[Termination "jens1102 won on time"]

1. Nc3 Nf6 2. e4 d5 3. e5 d4 4. exf6 dxc3 5. fxg7 cxd2+ 6. Qxd2 Qxd2+ 7. Bxd2 Bxg7 8.
O-O-O O-O 9. Bc4 c6 10. Nf3 Bg4 11. Bb4 Re8 12. Rhe1 b5 13. Bd3 e6 14. h3 Bh5 15.
c4 a5 16. Bd6 Bg6 17. Bxg6 hxg6 18. cxb5 cxb5 19. Be5 Nc6 20. Bxg7 Kxg7 21. Kb1 Rad8 22. a3 a4 23. Rc1 Na5 24. Rc5 Rb8 25. Rc7 Rb7 26.
Rec1 Rd8 27. Ng5 Rd7 28. Rxd7 Rxd7 29. Rc5 Nb3 30. Rc3 Rd1+ 31. Kc2 Rd2+ 32. Kb1 Rxf2 33. g4 Nd2+ 34. Ka2 Nc4 35. Rf3 Rxb2+ 36. Ka1 f5 37.
Nxe6+ Kf6 38. gxf5 Rb3 39. Rxb3 axb3 0-1

[Event "Early-Titled-Tuesday-Blitz-May-28-2024"]
[Site "Chess.com"]
[Date "2024.05.28"]
[Round "4"]
[White "kingofthenil"]
[Black "Timerkhanov"]
[Result "0-1"]
[WhiteElo "2932"]
[BlackElo "2734"]
[TimeControl "180+1"]
[EndTime "8:39:06 PDT"]
[Termination "Timerkhanov won on time"]

1. Nf3 d5 2. e3 Nf6 3. c4 c6 4.
Nc3 a6 5. Qc2 Bg4 6. Ne5 Bh5 7.
cxd5 cxd5 8. g4 Bg6 9. Qb3 Nbd7 10. Nxg6 hxg6 11. g5 Ne4 12. Qxd5 Nxc3 13. bxc3 Rb8 14.
h4 e6 15. Qf3 Ne5 16. Qe4 Bd6 17. d4 Nc6 18. Rb1 Qa5 19. Bd2 Qxa2 20. Bg2 Na5 21. Bc1 Rc8 22. O-O Rxc3 23. Bb2 Rc8 24. Rfd1 O-O 25. d5 Nc4 26. dxe6 Nxb2 27. exf7+ Rxf7 28. Rxd6 Nc4 29. Rxg6 Qxf2+ 30. Kh2 Nd2 31. Qe6 Rc2 32. Qe8+ Kh7 33. Rh6+ gxh6 34. g6+ Kxg6 35. Qg8+ Kh5 0-1

[Event "Early-Titled-Tuesday-Blitz-May-28-2024"]
[Site "Chess.com"]
[Date "2024.05.28"]
[Round "4"]
[White "DenLaz"]
[Black "RobertoJBM"]
[Result "1-0"]
[WhiteElo "3106"]
[BlackElo "2798"]
[TimeControl "180+1"]
[EndTime "8:39:06 PDT"]
[Termination "DenLaz won by resignation"]

1. d4 d5 2. c4 c6 3. Nf3 Nf6 4. Qc2 dxc4 5. Qxc4 Bf5 6. g3 e6 7. Bg2 Nbd7 8. O-O Be7 9. Qb3 Qb6 10. Nbd2 Qxb3 11. Nxb3 Be4 12. Bf4 Nd5 13. Bd2 O-O-O 14. Rfc1 Kb8 15. Na5 Rc8 16. Ne5 Nxe5 17. Bxe4 Nd7 18.
b4 f5 19. Bf3 Rhd8 20. Rab1 a6 21. e4 fxe4 22. Bxe4 g6 23. a4 Bf6 24. Nb3 e5 25.
dxe5 Nxe5 26. Kg2 Nc7 27. Be3 Ne6 28. h3 Nd3 29. Rf1 Nxb4 30. Na5 c5 31. Bxb7 Rc7 32. Bxa6 Bd4 33. Bd2 Ka7 34. Bc4 Rd6 35. Rfd1 Rcd7 36. Bxe6 Rxe6 37. Bxb4 cxb4 38. Rxb4 1-0

[Event "Early-Titled-Tuesday-Blitz-May-28-2024"]
[Site "Chess.com"]
[Date "2024.05.28"]
[Round "4"]
[White "Shivananda1964"]
[Black "zverr1"]
[Result "0-1"]
[WhiteElo "2409"]
[BlackElo "2634"]
[TimeControl "180+1"]
[EndTime "8:39:06 PDT"]
[Termination "zverr1 won by checkmate"]

1. Nf3 g6 2. d4 Nf6 3. g3 Bg7 4. Bg2 O-O 5. O-O d5 6. c4 c6 7. b3 a5 8. Nc3 Bf5 9. cxd5 cxd5 10. Ne5 Ne4 11. Nb5 Nc6 12. Bb2 a4 13. f3 Nd6 14.
bxa4 Na5 15. Ba3 Ndc4 16. Nxc4 Nxc4 17. Bb4 Ne3 18. Qb3 Nxf1 19. Kxf1 Rc8 20. e3 Re8 21.
Nc3 Bd3+ 22. Kf2 Bc4 23. Qb2 e5 24. Rd1 Qg5 25. dxe5 Qxe5 26. f4 Qxe3# 0-1

[Event "Early-Titled-Tuesday-Blitz-May-28-2024"]
[Site "Chess.com"]
[Date "2024.05.28"]
[Round "4"]
[White "Veleamater"]
[Black "Dewarfd"]
[Result "1-0"]
[WhiteElo "2438"]
[BlackElo "2135"]
[TimeControl "180+1"]
[EndTime "8:39:06 PDT"]
[Termination "Veleamater won on time"]

1. g3 c5 2. Bg2 g6 3. Nc3 Bg7 4. e4 d6 5. d3 Nc6 6. f4 Nf6 7. Nf3 O-O 8. h3 Nd7 9. O-O Rb8 10. g4 b5 11. g5 b4 12. Nd5 e6 13. Ne3 Nd4 14.
Nh4 e5 15. Nd5 exf4 16. Bxf4 Ne5 17. Qd2 Be6 18. Ne3 Bd7 19. Bxe5 Bxe5 20. Nd5 Ne6 21.
Nf6+ Kh8 22. Nxd7 Qxd7 23. Nf3 Bf4 24. Qf2 Nxg5 25. h4 Nxf3+ 26. Qxf3 Be5 27. Bh3 Qe7 28. Kg2 Qxh4 29. Rf2 Bxb2 30. Rh1 Bd4 31. Rff1 Qg5+ 32. Qg3 Qxg3+ 33. Kxg3 a5 34. Bd7 Rbd8 35. Ba4 Kg7 36. Bb3 f5 37. exf5 Rxf5 38. Rxf5 gxf5 39. Kf4 Rf8 40. Be6 Be5+ 41. Kg5 f4 42. Bf5 h6+ 43.
Kg4 Rf6 44. Rg1 Kf8 45. Be4 Ke7 46. Kf3 Rf7 47. Rg6 Rg7 48. Rxh6 Rg3+ 49. Kf2 1-0

[Event "Early-Titled-Tuesday-Blitz-May-28-2024"]
[Site "Chess.com"]
[Date "2024.05.28"]
[Round "4"]
[White "Willi_Skibbe"]
[Black "Lily_Schirmbeck"]
[Result "1-0"]
[WhiteElo "2272"]
[BlackElo "1696"]
[TimeControl "180+1"]
[EndTime "8:39:06 PDT"]
[Termination "Willi_Skibbe won on time"]

1. d4 d5 2. Nf3 Nf6 3. e3 e6 4. Bd3 c5 5. c3 Nc6 6. O-O Be7 7. Nbd2 O-O 8. Qe2 b6 9. dxc5 bxc5 10. e4 dxe4 11.
Nxe4 Bd7 12. Rd1 Qc7 13. Bg5 Nxe4 14. Qxe4 f5 15. Qh4 Bxg5 16. Nxg5 h6 17. Nf3 Ne5 18. Nxe5 Qxe5 19. Bc4 Rf7 20. Re1 Qd6 21. Rad1 Qc6 22. Rxd7 Qxd7 23. Bxe6 Qd2 24. Bxf7+ Kxf7 25. Qe7+ Kg8 26.
Qe6+ Kh8 27. Qe2 Qd6 28. g3 Qb6 29. Rd1 Rb8 30. b3 a5 31. Rd7 Qf6 32. Qc4 1-0

[Event "Early-Titled-Tuesday-Blitz-May-28-2024"]
[Site "Chess.com"]
[Date "2024.05.28"]
[Round "4"]
[White "JM05C"]
[Black "ploxoi"]
[Result "1-0"]
[WhiteElo "2546"]
[BlackElo "2369"]
[TimeControl "180+1"]
[EndTime "8:39:08 PDT"]
[Termination "JM05C won by resignation"]

1. e4 c5 2. Nf3 e6 3. d4 cxd4 4. Nxd4 Nc6 5. Nc3 Qc7 6. a3 Nf6 7. Be3 a6 8. f4 d6 9. Qf3 Be7 10. O-O-O Nxd4 11. Bxd4 b5 12. e5 Bb7 13. Qg3 dxe5 14.
Bxe5 Qb6 15. Bd3 O-O 16. Qh3 g6 17. Qh4 Kg7 18. Rhe1 h5 19. f5 exf5 20. Bd4 Qd8 21. Bxf5 Kg8 22. Rxe7 Qxe7 23. Bxf6 Qe3+ 24. Kb1 Rfe8 25.
Bd3 Rac8 26. Bd4 Qe7 27. Qf4 Rcd8 28. Bf6 Qd6 29. Qg5 Rd7 30. Bxg6 Qxd1+ 31. Nxd1 Rxd1+ 32. Ka2 Bd5+ 33. b3 Bxb3+ 34. Kxb3 1-0

[Event "Early-Titled-Tuesday-Blitz-May-28-2024"]
[Site "Chess.com"]
[Date "2024.05.28"]
[Round "4"]
[White "Pintacara"]
[Black "smilingice"]
[Result "1-0"]
[WhiteElo "2650"]
[BlackElo "2392"]
[TimeControl "180+1"]
[EndTime "8:39:09 PDT"]
[Termination "Pintacara won by resignation"]

1. d4 Nf6 2. c4 g6 3. h4 Bg7 4.
Nc3 d6 5. Nf3 Bg4 6. Qb3 b6 7.
e3 Nbd7 8. Be2 e5 9. Bd2 O-O 10. O-O-O exd4 11. exd4 Re8 12. Rde1 Ne4 13. Nxe4 Rxe4 14.
Be3 c5 15. Ng5 Bxe2 16. Nxe4 cxd4 17. Rxe2 dxe3 18. fxe3 Qe7 19. Nd2 Nc5 20. Qc2 Rc8 21.
Kb1 d5 22. cxd5 Qe5 23. e4 Rc7 24. Rc1 Nd3 25. Nc4 Rxc4 26. Qxc4 Nxc1 27. Qc8+ Bf8 28.
Qxc1 h5 29. Qg5 Qg3 30. Qxg3 1-0

[Event "Early-Titled-Tuesday-Blitz-May-28-2024"]
[Site "Chess.com"]
[Date "2024.05.28"]
[Round "4"]
[White "Oleksandr_Bortnyk"]
[Black "js20000"]
[Result "1-0"]
[WhiteElo "3013"]
[BlackElo "2686"]
[TimeControl "180+1"]
[EndTime "8:39:10 PDT"]
[Termination "Oleksandr_Bortnyk won by resignation"]

1. e4 d6 2. d4 Nf6 3. Nc3 e6 4. f4 Nc6 5. Nf3 d5 6. e5 Ne4 7. Bd3 Bb4 8. Bd2 Bxc3 9. Bxc3 Ne7 10. O-O b6 11. Ng5 Bb7 12. Qh5 g6 13. Qh3 h5 14.
Rae1 Nxg5 15. fxg5 Nf5 16. Bd2 Kd7 17. Qf3 a5 18. Qe2 Qc8 19. b3 Ba6 20. c4 c6 21. Rf4 Qb7 22. g3 b5 23. cxd5 cxd5 24. h3 b4 25. g4 hxg4 26. hxg4 Ng3 27. Qf3 Nf5 28. gxf5 gxf5 29. Bxf5 exf5 30. Rxf5 Rae8 31. Rxf7+ Re7 32. Rxe7+ Kxe7 33. Qf6+ 1-0

[Event "Early-Titled-Tuesday-Blitz-May-28-2024"]
[Site "Chess.com"]
[Date "2024.05.28"]
[Round "4"]
[White "DvaHrasta"]
[Black "MikeWizard"]
[Result "1-0"]
[WhiteElo "2430"]
[BlackElo "2015"]
[TimeControl "180+1"]
[EndTime "8:39:11 PDT"]
[Termination "DvaHrasta won by resignation"]

1. c4 Nf6 2. g3 g6 3. Bg2 Bg7 4. Nc3 O-O 5. Nf3 d6 6. O-O c5 7.
d4 Nc6 8. dxc5 dxc5 9. Bf4 Nd4 10. e3 Nxf3+ 11. Bxf3 Qb6 12. Na4 Qb4 13. Qb3 Qxb3 14. axb3 Nd7 15. Bc7 Ne5 16. Bg2 Nd3 17. Rfb1 f5 18.
Bf1 Be5 19. Bxe5 Nxe5 20. Nxc5 Nf3+ 21. Kg2 Nd2 22. Rd1 Nxf1 23. Kxf1 b6 24. Nd7 Re8 25.
Nxb6 Rb8 26. Nxc8 Rexc8 27. Rxa7 Rxb3 28. Rxe7 Rxb2 29. Rdd7 Rb1+ 30. Kg2 Rc1 31. Rxh7 R1xc4 32. Rdg7+ Kf8 33. Rxg6 Rc2 34. Rh8+ Kf7 35. Rxc8 Rxc8 36. Ra6 Rc2 37. Kf3 Kg7 38. h4 Rb2 39. h5 Ra2 40.
h6+ Kh7 41. Rf6 Ra4 42. Rxf5 Kxh6 43. e4 Kg6 44. Kf4 Ra2 45. f3 Rf2 46. Ra5 Rb2 47.
Ra6+ Kf7 48. g4 Ra2 49. Rxa2 1-0

[Event "Early-Titled-Tuesday-Blitz-May-28-2024"]
[Site "Chess.com"]
[Date "2024.05.28"]
[Round "4"]
[White "Andrii_Prydun"]
[Black "Fraler15"]
[Result "0-1"]
[WhiteElo "2392"]
[BlackElo "2194"]
[TimeControl "180+1"]
[EndTime "8:39:15 PDT"]
[Termination "Fraler15 won by resignation"]

1. e4 c5 2. Nf3 e6 3. c3 d5 4.
exd5 Qxd5 5. d4 Nf6 6. Na3 Nc6 7. Nb5 Qd8 8. Bf4 Nd5 9. Bg3 a6 10. Na3 cxd4 11. Nxd4 Bxa3 12. Nxc6 bxc6 13. bxa3 Qa5 14. Qb3 Qxc3+ 15. Qxc3 Nxc3 16. Be5 Nd5 17. Bxg7 Rg8 18. Be5 f6 19. Bb2 Rb8 20. Bc1 Rg4 21. f3 Ra4 22. Bd3 h5 23. O-O Kf7 24. Re1 e5 25. Bc2 Ra5 26.
Kf2 Be6 27. Bd3 Nf4 28. Bf1 Rc5 29. Bxa6 Rc2+ 30. Be2 Nd3+ 31. Kf1 Nxe1 32. Kxe1 Bc4 33. Bxc4+ Rxc4 34. Bd2 Rb2 35. Ke2 Rcc2 36. Rd1 Rxa2 37. g3 Rxa3 38. f4 e4 39. Ke1 f5 40. Ke2 e3 0-1

[Event "Early-Titled-Tuesday-Blitz-May-28-2024"]
[Site "Chess.com"]
[Date "2024.05.28"]
[Round "4"]
[White "vishwa_vijeta"]
[Black "the_chess_child"]
[Result "1-0"]
[WhiteElo "2615"]
[BlackElo "2887"]
[TimeControl "180+1"]
[EndTime "8:39:16 PDT"]
[Termination "vishwa_vijeta won by checkmate"]

1. e4 c5 2. Nc3 Nc6 3. Bb5 g5 4. Bxc6 dxc6 5. d3 g4 6. h3 Nf6 7. Bf4 Bg7 8. Qd2 b5 9. hxg4 Bxg4 10. Nf3 h5 11. Ne5 Qb6 12. a4 Rd8 13. axb5 cxb5 14. Nxg4 hxg4 15. Rxh8+ Bxh8 16. Qe2 a6 17. e5 Nd7 18.
Qxg4 Nxe5 19. Bxe5 Bxe5 20. Qg8+ Kd7 21. Qxf7 Bd4 22.
Qf5+ Kd6 23. Qg6+ Kc7 24. Qe4 e6 25. g3 Qd6 26. Nxb5+ axb5 27. Ra7+ Kc8 28. Qb7# 1-0

[Event "Early-Titled-Tuesday-Blitz-May-28-2024"]
[Site "Chess.com"]
[Date "2024.05.28"]
[Round "4"]
[White "LileKoridze"]
[Black "Masterisback04"]
[Result "1-0"]
[WhiteElo "2437"]
[BlackElo "2114"]
[TimeControl "180+1"]
[EndTime "8:39:16 PDT"]
[Termination "LileKoridze won on time"]

1. d4 Nf6 2. c4 g6 3. Nc3 Bg7 4.
e4 d6 5. Nf3 O-O 6. Be2 e5 7.
d5 a5 8. Bg5 Bd7 9. O-O Na6 10.
a3 Qe8 11. h3 Nc5 12. Qc2 a4 13. Be3 Nb3 14. Rad1 Nh5 15. Nd2 Nd4 16. Bxd4 exd4 17.
Nb5 Bxb5 18. cxb5 Nf4 19. Nf3 f5 20. Bc4 d3 21. Bxd3 fxe4 22. Bxe4 Qf7 23. Ng5 Qf6 24.
Ne6 Nxe6 25. dxe6 Qe7 26. Bxb7 Rab8 27. Bc6 Kh8 28. Bd7 Be5 29. Qxa4 Rf4 30. Qa7 Rbf8 31.
Qxc7 Qh4 32. Qc2 Bd4 33. Rxd4 Rxd4 34. Qc3 1-0

[Event "Early-Titled-Tuesday-Blitz-May-28-2024"]
[Site "Chess.com"]
[Date "2024.05.28"]
[Round "4"]
[White "Galileo22"]
[Black "simaopdias"]
[Result "1-0"]
[WhiteElo "2623"]
[BlackElo "2253"]
[TimeControl "180+1"]
[EndTime "8:39:17 PDT"]
[Termination "Galileo22 won by checkmate"]

1. e4 c5 2. Nc3 Nc6 3. Nge2 g6 4. Ng3 Bg7 5. Bc4 Nf6 6. d3 O-O 7. O-O e6 8. a3 d5 9. exd5 exd5 10. Ba2 Be6 11. h3 Nd4 12. Nge2 Nxe2+ 13. Nxe2 Re8 14.
Nf4 Bf5 15. Qf3 Be6 16. Nxe6 fxe6 17. Be3 b6 18. Rae1 Qd7 19. c4 d4 20. Bg5 Rf8 21. Qd1 Rae8 22. Bb3 Qd6 23. Ba4 Re7 24. Bh4 e5 25.
Bxf6 Qxf6 26. Re4 Ref7 27. Qe1 h5 28. Bd1 Kh7 29. Bf3 Qf5 30. Bd1 Re7 31. Ba4 Bh6 32. Bc6 Bf4 33. Bd5 Kh6 34. b4 h4 35. Qe2 Rd7 36.
Rb1 Rd6 37. Qd1 Rdf6 38. Re2 g5 39. Bf3 g4 40. Bxg4 Qg5 41. bxc5 bxc5 42. Rb7 Qg6 43.
Bf3 Rg8 44. Be4 Qe8 45. Rh7+ Kg5 46. Rb2 Qc8 47. Qh5# 1-0

[Event "Early-Titled-Tuesday-Blitz-May-28-2024"]
[Site "Chess.com"]
[Date "2024.05.28"]
[Round "4"]
[White "Pragmatist237"]
[Black "Narek_Ghimoyan"]
[Result "0-1"]
[WhiteElo "2206"]
[BlackElo "2427"]
[TimeControl "180+1"]
[EndTime "8:39:17 PDT"]
[Termination "Narek_Ghimoyan won by resignation"]

1. e4 c5 2. Nf3 e6 3. c4 Nc6 4. d4 cxd4 5. Nxd4 Nf6 6. Nc3 Bb4 7.
Nxc6 bxc6 8. Bd3 e5 9. Bg5 h6 10. Bxf6 Qxf6 11. O-O O-O 12. Qc2 d6 13. a3 Bc5 14. b4 Bd4 15. Rad1 Bg4 16. Rd2 a5 17. b5 cxb5 18. Nxb5 Bc5 19. Be2 Bd7 20. Nc7 Rab8 21. Nd5 Qg5 22. Rd3 f5 23. Rg3 Qd8 24. exf5 Bxf5 25.
Bd3 Bxd3 26. Qxd3 Rb2 27. Ne3 Qf6 28. h3 Rxf2 29. Rxf2 Qxf2+ 30. Kh2 Rf6 31. Qd5+ Kh8 32. Qb7 Rf7 33. Qa8+ Rf8 34. Qb7 Qf7 35. Qe4 Qf4 36.
Qb7 Rf7 37. Qa8+ Kh7 38. Ng4 h5 39. Ne3 h4 0-1

[Event "Early-Titled-Tuesday-Blitz-May-28-2024"]
[Site "Chess.com"]
[Date "2024.05.28"]
[Round "4"]
[White "penguingm1"]
[Black "JonasEilenberg"]
[Result "1-0"]
[WhiteElo "2967"]
[BlackElo "2606"]
[TimeControl "180+1"]
[EndTime "8:39:18 PDT"]
[Termination "penguingm1 won on time"]

1. d4 d5 2. Bf4 Nf6 3. e3 c5 4. Nc3 a6 5. dxc5 Nc6 6. a3 e5 7. Bg5 d4 8. exd4 Nxd4 9. b4 h6 10. Bxf6 Qxf6 11. Nd5 Qc6 12. Nb6 Bf5 13. Nxa8 Nxc2+ 14. Kd2 Nxa1 15. Qxa1 Be7 16. Qxe5 Qd7+ 17. Kc1 O-O 18.
Nb6 Bg5+ 19. f4 Bxf4+ 20. Qxf4 Qe6 21. Nf3 Rd8 22. Bc4 Qf6 23. Ne5 g5 24. Qe3 Re8 25. Re1 1-0

[Event "Early-Titled-Tuesday-Blitz-May-28-2024"]
[Site "Chess.com"]
[Date "2024.05.28"]
[Round "4"]
[White "jbking07"]
[Black "ahkashefi2800"]
[Result "0-1"]
[WhiteElo "2380"]
[BlackElo "2555"]
[TimeControl "180+1"]
[EndTime "8:39:18 PDT"]
[Termination "ahkashefi2800 won by resignation"]

1. e4 c6 2. d4 d5 3. f3 dxe4 4. fxe4 e5 5. Nf3 Be6 6. c3 Nd7 7.
Ng5 exd4 8. cxd4 h6 9. Qh5 Bb4+ 10. Nc3 Qe7 11. Bd3 g6 12. Qh4 Qf6 13. e5 hxg5 14. Qg3 Qd8 15. Bxg5 Qa5 16. O-O Bxc3 17. bxc3 Qxc3 18.
Qe3 Rh5 19. Rac1 Qa3 20. h4 Rxg5 21. hxg5 Ne7 22. Rb1 O-O-O 23. Qd2 Nd5 24. Bc4 N7b6 25. Rb3 Nxc4 26. Qc2 Qa4 27. Rfb1 Nce3 28. Rxb7 Qxc2 29. Rb8+ Kd7 30. R1b7+ Ke8 31. Rxd8+ Kxd8 0-1

[Event "Early-Titled-Tuesday-Blitz-May-28-2024"]
[Site "Chess.com"]
[Date "2024.05.28"]
[Round "4"]
[White "ArchibaldCerveza29"]
[Black "FischerKasparow"]
[Result "1-0"]
[WhiteElo "2365"]
[BlackElo "2095"]
[TimeControl "180+1"]
[EndTime "8:39:18 PDT"]
[Termination "ArchibaldCerveza29 won on time"]

1. e4 c5 2. Nf3 d6 3. d4 Nf6 4.
Nc3 cxd4 5. Nxd4 a6 6. Rg1 e5 7. Nb3 h5 8. Bg5 Be7 9. Qd2 Be6 10. O-O-O Nbd7 11. h3 b5 12. g4 hxg4 13. hxg4 b4 14. Na4 Nxe4 15. Bxe7 Qxe7 16. Qe3 d5 17. Bg2 Qg5 18. Qxg5 Nxg5 19. Bxd5 Bxd5 20. Rxd5 Nf3 21. Rgd1 Nf6 22. R5d3 e4 23. Re3 O-O 24. Nac5 Nxg4 25.
Rxe4 Nxf2 26. Rf4 Nxd1 27. Rxf3 Rad8 28. Nd3 g6 29. Kxd1 Kg7 30. Nc5 a5 31. Kd2 Rh8 32. a4 Rd6 33. Nb7 Ra6 34. Nbc5 Rc6 35. Rf2 f5 36. Nb3 Kf6 37. Nxa5 Ra6 38. Nb3 Rxa4 39. Nbc5 1-0

[Event "Early-Titled-Tuesday-Blitz-May-28-2024"]
[Site "Chess.com"]
[Date "2024.05.28"]
[Round "4"]
[White "Naruto75_3"]
[Black "KogotBobra17"]
[Result "0-1"]
[WhiteElo "2409"]
[BlackElo "2657"]
[TimeControl "180+1"]
[EndTime "8:39:20 PDT"]
[Termination "KogotBobra17 won by checkmate"]

1. d4 Nf6 2. c4 e5 3. dxe5 Ng4 4. Nf3 Bc5 5. e3 Nc6 6. Nc3 O-O 7. Be2 Re8 8. O-O Ngxe5 9. Nxe5 Nxe5 10. b3 a5 11. Bb2 Ra6 12. Qd5 Ba7 13. Ne4 Rh6 14. Bxe5 c6 15. Bf6 gxf6 16. Qd3 f5 17. Ng3 f4 18. Nf5 Rhe6 19. Kh1 d5 20. Rad1 Rg6 21. Bf3 Qg5 22. Nd4 Rh6 23. g3 fxg3 24. fxg3 Qxg3 25. Rd2 Qe5 26. cxd5 Bb8 27. Qc2 cxd5 28. Rg2+ Kh8 29. Bd1 Bh3 30. Qf2 Bxg2+ 31. Qxg2 Rxh2+ 32. Qxh2 Qxh2# 0-1

[Event "Early-Titled-Tuesday-Blitz-May-28-2024"]
[Site "Chess.com"]
[Date "2024.05.28"]
[Round "4"]
[White "ChessAdvanceUSA"]
[Black "soloderisas"]
[Result "0-1"]
[WhiteElo "2448"]
[BlackElo "2635"]
[TimeControl "180+1"]
[EndTime "8:39:20 PDT"]
[Termination "soloderisas won by resignation"]

1. Nc3 d5 2. d4 Bf5 3. e4 Bxe4 4. Nxe4 dxe4 5. Bc4 e6 6. c3 Nd7 7. Qe2 Ngf6 8. Bg5 Be7 9. O-O-O h6 10. Be3 c6 11. f3 exf3 12. Nxf3 Qa5 13. g4 O-O-O 14. Bf4 Nd5 15. Bg3 N7b6 16. Bb3 Bd6 17. Ne5 Rhf8 18. Nxf7 Bxg3 19. Qxe6+ Rd7 20. hxg3 Rxf7 21. Rhf1 Re7 22. Rf8+ Kc7 23. Qf5 Nc8 24. c4 Nd6 25. Qh5 g6 26.
Qxh6 Ne3 27. Qh8 Nxd1 28. c5 Ne3 29. cxd6+ Kb6 30. Qh1 Rxd6 31. Rf2 Rxd4 32. a3 Nxg4 33. Rf1 Qd2+ 34. Kb1 Re2 0-1

[Event "Early-Titled-Tuesday-Blitz-May-28-2024"]
[Site "Chess.com"]
[Date "2024.05.28"]
[Round "4"]
[White "mr_gustavo"]
[Black "Preobrazhenska_D2011"]
[Result "1-0"]
[WhiteElo "2724"]
[BlackElo "2512"]
[TimeControl "180+1"]
[EndTime "8:39:22 PDT"]
[Termination "mr_gustavo won on time"]

1. d4 Nf6 2. Nf3 b6 3. g3 e6 4. Bg2 d5 5. O-O Be7 6. b3 O-O 7. Bb2 Bb7 8. Nbd2 c5 9. dxc5 bxc5 10. e3 Nc6 11. c4 Qd7 12. cxd5 exd5 13. e4 d4 14. Re1 Nb4 15. e5 Nfd5 16. Nc4 Qe6 17. h4 d3 18. Ng5 Bxg5 19. hxg5 Nc2 20. Qxd3 Ndb4 21. Qe2 Bxg2 22. Kxg2 Nxa1 23. Bxa1 Rad8 24. Nd6 Qd5+ 25. Kh2 Qd3 26. a3 Qxe2 27. Rxe2 Nc6 28. f4 Rb8 29. Rc2 Rxb3 30. Rxc5 Rxa3 31. Bc3 Ra2+ 32.
Kh3 Ne7 33. Kg4 Rf2 34. f5 h5+ 35. gxh6 gxh6 36. Bd4 Rf1 37. Be3 Kh7 38. Bf4 Rg8+ 39. Kh3 Rh1+ 40. Kg2 Re1 41. Rc7 Nd5 42. Rxf7+ Rg7 43.
Kf3 Rxf7 44. Nxf7 Rf1+ 45. Ke4 Nc3+ 46. Kd3 Rf3+ 47. Kd4 Nb5+ 48. Ke4 Rf1 49. e6 Kg7 50. Be5+ Kf8 51. f6 Re1+ 52. Kf5 Rf1+ 53. Kg6 Ke8 54.
Nxh6 Rg1 55. f7+ Ke7 56. Kg7 Kxe6 57. f8=Q 1-0

[Event "Early-Titled-Tuesday-Blitz-May-28-2024"]
[Site "Chess.com"]
[Date "2024.05.28"]
[Round "4"]
[White "ozates"]
[Black "Fernando_Offermann"]
[Result "1-0"]
[WhiteElo "2646"]
[BlackElo "2474"]
[TimeControl "180+1"]
[EndTime "8:39:23 PDT"]
[Termination "ozates won by resignation"]

1. e4 c5 2. Nf3 d6 3. Bb5+ Nd7 4. O-O Nf6 5. Re1 a6 6. Bf1 b6 7. d4 e6 8. c4 cxd4 9. Nxd4 Bb7 10. Nc3 Be7 11. f3 O-O 12. Be3 Re8 13. Qd2 Rc8 14. Rec1 Qc7 15. a4 Ne5 16. a5 bxa5 17. Nb3 Nc6 18. Nd5 Qd8 19. Nxe7+ Rxe7 20. Nxa5 Nxa5 21. Rxa5 Qc7 22. c5 dxc5 23. Raxc5 Qb8 24. Bg5 Rd8 25. Qb4 h6 26. Bxf6 gxf6 27. e5 f5 28. Qh4 Red7 29. Qxh6 Bd5 30. Qg5+ Kf8 31. Qf6 Qxb2 32.
Rc8 Qb6+ 33. Kh1 Ke8 34. h4 Bb7 35. Rxd8+ Rxd8 36. h5 Qf2 37. h6 Rc8 38. Rxc8+ Bxc8 39. h7 Qxf1+ 40. Kh2 1-0

[Event "Early-Titled-Tuesday-Blitz-May-28-2024"]
[Site "Chess.com"]
[Date "2024.05.28"]
[Round "4"]
[White "pfalcon1949"]
[Black "DarZay"]
[Result "0-1"]
[WhiteElo "1912"]
[BlackElo "2299"]
[TimeControl "180+1"]
[EndTime "8:39:23 PDT"]
[Termination "DarZay won on time"]

1. e4 c5 2. Nf3 Nc6 3. d4 cxd4 4. Nxd4 Nf6 5. Nc3 d6 6. Bg5 e6 7. Qd2 a6 8. O-O-O Be7 9. Kb1 Bd7 10. f4 b5 11. a3 Qa5 12. Nb3 Qb6 13. Bxf6 gxf6 14.
Bd3 Rc8 15. Rhe1 Na5 16. Nxa5 Qxa5 17. f5 O-O 18. Re3 Rc7 19. Rg3+ Kh8 20. Qh6 Rg8 21. fxe6 fxe6 22. Rxg8+ Kxg8 23. Nd5 exd5 24. exd5 f5 25. Re1 Qxe1+ 26. Ka2 Qe5 27. g4 Qxd5+ 28. Kb1 Qe6 0-1